[ AOE2 MATCH · #467974366 ]
UnrankedSaracens vs Romans
[ REPLAY ANALYSIS · EXTRACTED FROM THE RECORDED GAME ]
Feudal
11:25
Castle
16:38
Imperial
30:07
| APM avg | 40.3 |
| APM peak | 106 |
| eAPM avg | 22.3 |
| Villagers / military | 141 / 261 |
Focus
⚔️ 23.7% · 🌾 76.3%
Mameluke ×158 · Camel Scout ×84 · Trade Cart ×20 · Bombard Cannon ×11 · Mangonel ×7 · Monk ×1
Feudal
11:21
Castle
14:52
Imperial
28:04
| APM avg | 29.4 |
| APM peak | 101 |
| eAPM avg | 22.3 |
| Villagers / military | 195 / 717 |
Focus
⚔️ 37.1% · 🌾 62.9%
Militia ×252 · Spearman ×205 · Scorpion ×114 · Knight ×99 · Trade Cart ×48 · Battering Ram ×35
Feudal
—
Castle
—
Imperial
—
| APM avg | 21.9 |
| APM peak | 57 |
| eAPM avg | 19.3 |
| Villagers / military | 158 / 254 |
Focus
⚔️ 33.2% · 🌾 66.8%
Obuch ×169 · Skirmisher ×53 · Trade Cart ×27 · Battering Ram ×19 · Trebuchet (Packed) ×8 · Scorpion ×5
Feudal
13:52
Castle
23:55
Imperial
36:50
| APM avg | 18.0 |
| APM peak | 36 |
| eAPM avg | 14.5 |
| Villagers / military | 172 / 326 |
Focus
⚔️ 25.7% · 🌾 74.3%
Camel Scout ×125 · Janissary ×119 · Scout Cavalry ×60 · Trade Cart ×22 · Bombard Cannon ×22
Feudal
9:59
Castle
21:43
Imperial
35:05
| APM avg | 24.0 |
| APM peak | 93 |
| eAPM avg | 20.9 |
| Villagers / military | 188 / 491 |
Focus
⚔️ 53.0% · 🌾 47.0%
Militia ×365 · Spearman ×73 · Mangonel ×38 · Woad Raider ×11 · Trade Cart ×4 · Trebuchet (Packed) ×3
Feudal
15:34
Castle
23:26
Imperial
32:04
| APM avg | 14.0 |
| APM peak | 39 |
| eAPM avg | 12.8 |
| Villagers / military | 113 / 250 |
Focus
⚔️ 40.5% · 🌾 59.5%
Spearman ×108 · Militia ×89 · Scorpion ×27 · Huskarl ×12 · Mangonel ×7 · Trade Cart ×4
Feudal
11:12
Castle
15:27
Imperial
32:31
| APM avg | 15.7 |
| APM peak | 43 |
| eAPM avg | 12.9 |
| Villagers / military | 139 / 376 |
Focus
⚔️ 36.2% · 🌾 63.8%
Eagle Scout ×206 · Plumed Archer ×86 · Trade Cart ×58 · Scorpion ×49 · Spearman ×25 · Mangonel ×5
Feudal
12:42
Castle
19:34
Imperial
36:30
| APM avg | 17.1 |
| APM peak | 49 |
| eAPM avg | 13.2 |
| Villagers / military | 200 / 677 |
Focus
⚔️ 38.4% · 🌾 61.6%
Spearman ×531 · Coustillier ×132 · Trade Cart ×30 · Bombard Cannon ×9 · Mangonel ×2 · Battering Ram ×2
Match map
Initial resources + every placement click. Lines = walls · curves = elevation contours. ◆ gold · ⬟ stone · ● berries · ✦ relic · ◌ wall gap
Your base
Mirtha Legrand's base· Open — unwalled flank
GruesomeSpark's base· Open — unwalled flank
周老哥 Edward's base· Open — unwalled flank
Vikingatoms's base· Open — unwalled flank
rananculus's base
ijirving's base
Wololo Your Wife's base
Smoothed initial terrain · ◌ = detected wall gap · hover for details
Inputs per minute
— romain.romain - - Mirtha Legrand
Build order — romain.romain
First 150 of 386 actions detected
| 0:01 | Create | Villager (Male) |
| 0:01 | Create | Villager (Male) |
| 0:03 | Build | House |
| 0:05 | Build | House |
| 0:18 | Create | Villager (Male) |
| 0:18 | Create | Villager (Male) |
| 0:19 | Create | Villager (Male) |
| 0:19 | Create | Villager (Male) |
| 1:17 | Create | Villager (Male) |
| 1:17 | Create | Villager (Male) |
| 1:55 | Build | Lumber Camp |
| 2:05 | Create | Villager (Male) |
| 2:05 | Create | Villager (Male) |
| 2:23 | Create | Villager (Male) |
| 2:23 | Create | Villager (Male) |
| 2:34 | Create | Villager (Male) |
| 2:34 | Create | Villager (Male) |
| 2:34 | Create | Villager (Male) |
| 3:16 | Create | Villager (Male) |
| 3:16 | Create | Villager (Male) |
| 3:25 | Build | House |
| 3:38 | Create | Villager (Male) |
| 3:38 | Create | Villager (Male) |
| 4:01 | Create | Villager (Male) |
| 4:02 | Create | Villager (Male) |
| 4:11 | Build | Mill |
| 4:27 | Create | Villager (Male) |
| 4:28 | Create | Villager (Male) |
| 4:36 | Create | Villager (Male) |
| 4:36 | Create | Villager (Male) |
| 4:36 | Create | Villager (Male) |
| 5:30 | Create | Villager (Male) |
| 5:30 | Create | Villager (Male) |
| 5:31 | Create | Villager (Male) |
| 5:47 | Create | Villager (Male) |
| 5:53 | Create | Villager (Male) |
| 5:59 | Build | House |
| 6:21 | Create | Villager (Male) |
| 6:21 | Create | Villager (Male) |
| 6:39 | Create | Villager (Male) |
| 7:00 | Create | Villager (Male) |
| 7:15 | Build | Mining Camp |
| 7:25 | Create | Villager (Male) |
| 7:44 | Research | Loom |
| 8:33 | Build | Mill |
| 9:08 | Research | Feudal Age |
| 10:35 | Create | Villager (Male) |
| 10:35 | Create | Villager (Male) |
| 10:42 | Build | House |
| 10:57 | Build | Farm |
| 11:01 | Build | Farm |
| 11:25 | Age | Feudal Age |
| 11:30 | Research | Double-Bit Axe |
| 12:09 | Create | Villager (Male) |
| 12:34 | Create | Villager (Male) |
| 12:35 | Create | Villager (Male) |
| 12:44 | Build | Market |
| 12:51 | Build | Blacksmith |
| 12:52 | Create | Villager (Male) |
| 13:04 | Build | House |
| 13:10 | Build | Farm |
| 13:12 | Build | Farm |
| 13:14 | Research | Horse Collar |
| 13:21 | Build | Farm |
| 13:24 | Build | Farm |
| 13:33 | Build | Farm |
| 13:50 | Build | Farm |
| 13:58 | Research | Castle Age |
| 14:20 | Build | Lumber Camp |
| 15:32 | Build | Farm |
| 15:37 | Build | Farm |
| 15:38 | Build | Farm |
| 15:41 | Build | Farm |
| 16:00 | Create | Villager (Male) |
| 16:00 | Create | Villager (Male) |
| 16:07 | Build | House |
| 16:09 | Build | House |
| 16:10 | Build | House |
| 16:11 | Build | House |
| 16:12 | Build | House |
| 16:20 | Build | House |
| 16:20 | Build | House |
| 16:21 | Build | House |
| 16:30 | Research | Gold Mining |
| 16:38 | Age | Castle Age |
| 16:54 | Build | Town Center |
| 17:30 | Create | Villager (Male) |
| 17:31 | Create | Villager (Male) |
| 18:08 | Build | Town Center |
| 18:14 | Create | Villager (Male) |
| 18:14 | Create | Villager (Male) |
| 18:21 | Research | Bow Saw |
| 18:26 | Create | Villager (Male) |
| 18:34 | Build | House |
| 18:35 | Build | House |
| 18:45 | Build | House |
| 18:46 | Build | House |
| 18:48 | Build | House |
| 18:50 | Build | House |
| 18:53 | Build | House |
| 18:57 | Create | Villager (Male) |
| 18:57 | Create | Villager (Male) |
| 19:06 | Research | Wheelbarrow |
| 19:08 | Create | Villager (Male) |
| 19:09 | Create | Villager (Male) |
| 19:23 | Build | Farm |
| 19:27 | Research | Heavy Plow |
| 19:30 | Research | Stone Mining |
| 19:35 | Create | Villager (Male) |
| 19:35 | Create | Villager (Male) |
| 19:35 | Create | Villager (Male) |
| 19:45 | Create | Villager (Male) |
| 19:45 | Create | Villager (Male) |
| 19:52 | Build | Farm |
| 20:00 | Create | Villager (Male) |
| 20:04 | Create | Villager (Male) |
| 20:04 | Create | Villager (Male) |
| 20:18 | Create | Villager (Male) |
| 20:26 | Build | Farm |
| 20:32 | Build | Farm |
| 20:42 | Build | Farm |
| 20:46 | Build | Farm |
| 20:56 | Build | Farm |
| 21:02 | Build | Farm |
| 21:08 | Create | Villager (Male) |
| 21:08 | Create | Villager (Male) |
| 21:17 | Build | Farm |
| 21:28 | Create | Villager (Male) |
| 21:28 | Create | Villager (Male) |
| 21:33 | Build | Farm |
| 21:36 | Build | Farm |
| 21:41 | Create | Villager (Male) |
| 21:42 | Create | Villager (Male) |
| 21:46 | Build | Farm |
| 21:54 | Build | Monastery |
| 21:57 | Create | Villager (Male) |
| 21:58 | Create | Villager (Male) |
| 22:04 | Research | Gold Shaft Mining |
| 22:06 | Create | Villager (Male) |
| 22:06 | Create | Villager (Male) |
| 22:15 | Build | Farm |
| 22:19 | Create | Villager (Male) |
| 22:19 | Create | Villager (Male) |
| 22:39 | Build | Farm |
| 22:49 | Create | Monk |
| 22:57 | Create | Villager (Male) |
| 22:58 | Create | Villager (Male) |
| 23:04 | Build | Farm |
| 23:06 | Create | Villager (Male) |
| 23:20 | Create | Villager (Male) |
Build order — Mirtha Legrand
First 150 of 641 actions detected
| 0:02 | Create | Villager (Male) ×4 |
| 0:03 | Build | House |
| 0:05 | Build | House |
| 1:30 | Create | Villager (Male) |
| 1:30 | Create | Villager (Male) |
| 1:46 | Build | Lumber Camp |
| 2:07 | Create | Villager (Male) |
| 2:07 | Create | Villager (Male) |
| 2:19 | Create | Villager (Male) |
| 2:19 | Create | Villager (Male) |
| 2:46 | Create | Villager (Male) |
| 2:47 | Create | Villager (Male) |
| 3:03 | Create | Villager (Male) |
| 3:03 | Create | Villager (Male) |
| 3:30 | Create | Villager (Male) |
| 3:30 | Create | Villager (Male) |
| 3:45 | Create | Villager (Male) |
| 3:46 | Create | Villager (Male) |
| 3:51 | Build | Mill |
| 3:57 | Build | House |
| 4:34 | Create | Villager (Male) ×2 |
| 4:59 | Create | Villager (Male) |
| 5:37 | Build | House |
| 5:46 | Create | Villager (Male) ×3 |
| 5:46 | Create | Villager (Male) ×3 |
| 6:06 | Create | Villager (Male) ×2 |
| 6:06 | Create | Villager (Male) ×2 |
| 6:24 | Build | Lumber Camp |
| 6:35 | Create | Villager (Male) |
| 7:29 | Create | Villager (Male) |
| 7:54 | Create | Villager (Male) |
| 8:28 | Build | Mining Camp |
| 8:37 | Research | Feudal Age |
| 8:54 | Build | House |
| 9:19 | Create | Villager (Male) |
| 9:20 | Create | Villager (Male) |
| 11:21 | Age | Feudal Age |
| 11:23 | Build | Market |
| 11:25 | Build | Blacksmith |
| 12:12 | Research | Castle Age |
| 12:12 | Research | Castle Age |
| 12:34 | Research | Horse Collar |
| 12:35 | Research | Horse Collar |
| 12:55 | Build | Farm |
| 12:55 | Build | Farm |
| 12:55 | Build | Farm |
| 12:55 | Build | Farm |
| 12:56 | Build | Farm |
| 12:57 | Build | Farm |
| 12:58 | Build | Farm |
| 12:59 | Build | Farm |
| 13:13 | Research | Double-Bit Axe |
| 14:05 | Research | Gold Mining |
| 14:52 | Age | Castle Age |
| 14:53 | Research | Bow Saw |
| 14:53 | Research | Bow Saw |
| 15:01 | Build | Town Center |
| 15:18 | Research | Wheelbarrow |
| 15:18 | Research | Loom |
| 15:52 | Research | Town Watch |
| 16:03 | Build | Town Center |
| 16:17 | Create | Villager (Male) |
| 16:17 | Create | Villager (Male) |
| 16:24 | Build | House |
| 16:39 | Build | Farm |
| 16:51 | Build | House |
| 16:53 | Create | Villager (Male) |
| 17:08 | Create | Villager (Male) |
| 17:09 | Create | Villager (Male) |
| 17:13 | Build | House |
| 17:27 | Create | Villager (Male) |
| 17:42 | Research | Heavy Plow |
| 17:54 | Create | Villager (Male) |
| 17:56 | Build | House |
| 18:00 | Build | Farm |
| 18:05 | Build | Farm |
| 18:07 | Build | Farm |
| 18:09 | Create | Villager (Male) |
| 18:11 | Create | Villager (Male) |
| 18:16 | Build | Farm |
| 18:19 | Build | House |
| 18:28 | Build | Farm |
| 18:29 | Create | Villager (Male) |
| 18:34 | Create | Villager (Male) |
| 18:35 | Create | Villager (Male) |
| 18:41 | Build | Farm |
| 18:44 | Build | Farm |
| 18:48 | Create | Villager (Male) |
| 18:51 | Build | House |
| 18:55 | Create | Villager (Male) |
| 19:02 | Create | Villager (Male) |
| 19:03 | Create | Villager (Male) |
| 19:03 | Create | Villager (Male) |
| 19:07 | Build | Farm |
| 19:11 | Create | Villager (Male) |
| 19:17 | Create | Villager (Male) |
| 19:21 | Build | House |
| 19:36 | Build | Farm |
| 19:37 | Create | Villager (Male) |
| 19:40 | Create | Villager (Male) |
| 19:40 | Create | Villager (Male) |
| 19:46 | Create | Villager (Male) |
| 19:54 | Build | House |
| 20:03 | Build | Farm |
| 20:06 | Create | Villager (Male) |
| 20:08 | Create | Villager (Male) |
| 20:18 | Build | Monastery |
| 20:20 | Create | Villager (Male) |
| 20:20 | Create | Villager (Male) |
| 20:24 | Build | House |
| 20:25 | Create | Villager (Male) |
| 20:30 | Build | Farm |
| 20:43 | Research | Stone Mining |
| 20:43 | Research | Stone Mining |
| 20:49 | Build | Town Center |
| 20:52 | Create | Villager (Male) |
| 20:52 | Create | Villager (Male) |
| 20:56 | Create | Villager (Male) |
| 20:59 | Build | House |
| 21:03 | Build | Farm |
| 21:04 | Create | Monk |
| 21:04 | Create | Monk |
| 21:09 | Create | Villager (Male) |
| 21:16 | Build | Farm |
| 21:21 | Create | Villager (Male) |
| 21:22 | Create | Villager (Male) |
| 21:28 | Build | House |
| 21:29 | Build | House |
| 21:31 | Create | Villager (Male) |
| 21:33 | Create | Villager (Male) |
| 21:41 | Build | Farm |
| 21:44 | Create | Villager (Male) |
| 21:44 | Create | Villager (Male) |
| 21:54 | Build | Mining Camp |
| 21:55 | Create | Villager (Male) |
| 22:01 | Create | Monk |
| 22:08 | Create | Villager (Male) |
| 22:08 | Create | Villager (Male) |
| 22:12 | Build | Farm |
| 22:18 | Build | University |
| 22:20 | Create | Villager (Male) |
| 22:21 | Create | Villager (Male) |
| 22:22 | Create | Villager (Male) |
| 22:29 | Create | Villager (Male) |
| 22:33 | Build | House |
| 22:34 | Build | House |
| 22:35 | Build | House |
| 22:37 | Create | Villager (Male) |
| 22:44 | Build | Farm |
| 22:47 | Create | Villager (Male) |
Build order — GruesomeSpark
First 150 of 498 actions detected
| 0:02 | Research | Loom |
| 0:03 | Create | Villager (Male) ×4 |
| 0:03 | Create | Villager (Male) |
| 0:06 | Build | House |
| 0:07 | Build | House |
| 0:32 | Build | Palisade Wall |
| 2:14 | Create | Villager (Male) |
| 2:53 | Create | Villager (Male) |
| 3:16 | Create | Villager (Male) |
| 3:36 | Build | Palisade Wall |
| 4:00 | Create | Villager (Male) |
| 4:29 | Create | Villager (Male) |
| 5:09 | Create | Villager (Male) |
| 5:18 | Build | Lumber Camp |
| 5:39 | Create | Villager (Male) |
| 6:02 | Create | Villager (Male) |
| 7:02 | Create | Villager (Male) |
| 7:14 | Create | Villager (Male) |
| 7:25 | Create | Villager (Male) |
| 7:25 | Create | Villager (Male) |
| 7:47 | Create | Villager (Male) |
| 7:58 | Build | House |
| 8:02 | Build | House |
| 8:27 | Create | Villager (Male) |
| 9:05 | Create | Villager (Male) |
| 9:05 | Create | Villager (Male) |
| 9:06 | Create | Villager (Male) |
| 9:19 | Build | Mill |
| 9:30 | Create | Villager (Male) |
| 10:23 | Build | Mill |
| 10:44 | Create | Villager (Male) |
| 10:54 | Research | Feudal Age |
| 10:54 | Research | Feudal Age |
| 11:40 | Build | Mining Camp |
| 13:41 | Build | Market |
| 13:47 | Build | Blacksmith |
| 14:03 | Build | Stone Wall |
| 14:57 | Build | Mill |
| 15:21 | Build | Stone Wall |
| 15:51 | Research | Castle Age |
| 16:50 | Build | Stone Wall |
| 17:15 | Research | Double-Bit Axe |
| 18:36 | Create | Villager (Male) |
| 18:36 | Create | Villager (Male) |
| 18:36 | Create | Villager (Male) |
| 18:49 | Build | Town Center |
| 19:35 | Create | Villager (Male) |
| 19:36 | Create | Villager (Male) |
| 20:00 | Create | Villager (Male) |
| 20:33 | Create | Villager (Male) |
| 20:38 | Create | Villager (Male) |
| 20:38 | Create | Villager (Male) |
| 20:38 | Create | Villager (Male) |
| 20:56 | Research | Stone Mining |
| 21:09 | Build | Mining Camp |
| 21:24 | Create | Villager (Male) |
| 21:26 | Create | Villager (Male) |
| 21:27 | Create | Villager (Male) |
| 21:38 | Build | Farm |
| 21:54 | Create | Villager (Male) |
| 22:03 | Build | Farm |
| 22:08 | Build | Farm |
| 22:16 | Build | Farm |
| 22:38 | Build | Farm |
| 22:41 | Build | Farm |
| 22:44 | Build | Farm |
| 22:47 | Build | Farm |
| 22:49 | Create | Villager (Male) |
| 22:50 | Create | Villager (Male) |
| 22:51 | Create | Villager (Male) |
| 23:02 | Build | Farm |
| 23:11 | Create | Villager (Male) |
| 23:23 | Build | Farm |
| 23:27 | Build | Farm |
| 23:32 | Build | Farm |
| 23:39 | Create | Villager (Male) |
| 23:39 | Create | Villager (Male) |
| 24:15 | Create | Villager (Male) |
| 24:17 | Create | Villager (Male) |
| 24:18 | Create | Villager (Male) |
| 24:26 | Build | Barracks |
| 24:34 | Create | Villager (Male) |
| 24:46 | Build | Farm |
| 24:47 | Build | Farm |
| 24:47 | Build | Farm |
| 24:47 | Build | Farm |
| 24:48 | Build | Farm |
| 24:48 | Build | Farm |
| 24:55 | Build | Farm |
| 25:01 | Create | Villager (Male) |
| 25:02 | Create | Villager (Male) |
| 25:11 | Create | Villager (Male) |
| 25:13 | Create | Villager (Male) |
| 25:20 | Build | Farm |
| 25:29 | Build | House |
| 25:36 | Build | House |
| 25:38 | Build | House |
| 25:41 | Create | Villager (Male) |
| 25:42 | Create | Villager (Male) |
| 25:44 | Create | Villager (Male) |
| 25:53 | Build | Farm |
| 25:57 | Build | Farm |
| 26:02 | Create | Villager (Male) |
| 26:31 | Build | Castle |
| 26:39 | Create | Villager (Male) |
| 26:40 | Create | Villager (Male) |
| 26:49 | Build | Farm |
| 26:58 | Create | Villager (Male) |
| 27:00 | Create | Villager (Male) |
| 27:10 | Build | Farm |
| 27:10 | Build | Farm |
| 27:10 | Build | Farm |
| 27:11 | Build | Farm |
| 27:11 | Build | Farm |
| 27:12 | Build | Farm |
| 27:12 | Build | Farm |
| 27:13 | Build | Farm |
| 27:25 | Create | Villager (Male) |
| 27:27 | Create | Villager (Male) |
| 27:40 | Create | Villager (Male) |
| 27:53 | Build | Farm |
| 27:58 | Create | Villager (Male) |
| 28:13 | Build | House |
| 28:15 | Build | House |
| 28:20 | Create | Villager (Male) |
| 28:26 | Research | Stone Shaft Mining |
| 28:34 | Build | Farm |
| 28:37 | Create | Villager (Male) |
| 28:40 | Create | Villager (Male) |
| 29:08 | Create | Villager (Male) |
| 29:14 | Build | Lumber Camp |
| 29:29 | Create | Villager (Male) |
| 29:29 | Create | Villager (Male) |
| 29:39 | Build | Farm |
| 29:44 | Build | Farm |
| 29:51 | Build | Farm |
| 29:57 | Build | Farm |
| 30:08 | Build | Farm |
| 30:10 | Create | Villager (Male) |
| 30:11 | Create | Villager (Male) |
| 30:27 | Create | Villager (Male) |
| 30:28 | Create | Villager (Male) |
| 30:38 | Build | Lumber Camp |
| 30:41 | Research | Squires |
| 31:00 | Create | Villager (Male) |
| 31:00 | Create | Villager (Male) |
| 31:15 | Build | Farm |
| 31:22 | Build | Farm |
| 31:28 | Create | Villager (Male) |
| 31:28 | Create | Villager (Male) |
Build order — 周老哥 Edward
First 150 of 384 actions detected
| 0:03 | Create | Villager (Male) |
| 0:03 | Research | Loom |
| 0:04 | Create | Villager (Male) ×3 |
| 0:04 | Create | Villager (Male) ×3 |
| 0:09 | Build | House |
| 0:10 | Build | House |
| 1:51 | Create | Villager (Male) |
| 2:34 | Create | Villager (Male) |
| 2:34 | Create | Villager (Male) |
| 3:07 | Build | Palisade Wall |
| 3:11 | Build | Building 800 |
| 3:14 | Create | Villager (Male) |
| 3:14 | Create | Villager (Male) |
| 3:32 | Create | Villager (Male) |
| 3:54 | Create | Villager (Male) |
| 3:54 | Create | Villager (Male) |
| 4:03 | Build | House |
| 4:26 | Build | House |
| 4:27 | Build | House |
| 4:34 | Create | Villager (Male) ×2 |
| 4:59 | Create | Villager (Male) |
| 4:59 | Create | Villager (Male) |
| 5:11 | Build | House |
| 5:25 | Create | Villager (Male) ×2 |
| 6:38 | Build | Mining Camp |
| 6:41 | Create | Villager (Male) ×2 |
| 7:29 | Create | Villager (Male) ×5 |
| 8:07 | Build | Mill |
| 9:06 | Build | Lumber Camp |
| 9:23 | Create | Villager (Male) |
| 9:23 | Create | Villager (Male) |
| 9:23 | Create | Villager (Male) |
| 9:31 | Build | Mill |
| 10:35 | Create | Villager (Male) |
| 11:12 | Create | Villager (Male) |
| 11:23 | Build | Mining Camp |
| 11:31 | Research | Feudal Age |
| 12:27 | Create | Villager (Male) ×4 |
| 12:47 | Build | Lumber Camp |
| 13:22 | Build | House |
| 13:23 | Build | House |
| 13:25 | Build | House |
| 13:26 | Build | House |
| 13:52 | Age | Feudal Age |
| 13:56 | Research | Double-Bit Axe |
| 13:58 | Research | Horse Collar |
| 14:20 | Research | Gold Mining |
| 14:24 | Build | Farm |
| 14:26 | Build | Farm |
| 14:27 | Build | Farm |
| 14:28 | Build | Farm |
| 14:29 | Build | Farm |
| 14:44 | Create | Villager (Male) ×4 |
| 15:06 | Build | Stone Wall |
| 15:14 | Build | Building 665 |
| 15:20 | Build | Stone Wall |
| 15:34 | Build | Farm |
| 15:35 | Build | Farm |
| 15:36 | Build | Farm |
| 15:38 | Build | Farm |
| 15:39 | Build | Farm |
| 15:41 | Build | Farm |
| 15:43 | Build | Farm |
| 15:47 | Create | Villager (Male) |
| 16:35 | Research | Stone Mining |
| 16:43 | Create | Villager (Male) ×5 |
| 17:25 | Build | Market |
| 18:21 | Build | Blacksmith |
| 18:26 | Build | Barracks |
| 19:38 | Build | Market |
| 19:45 | Build | Farm |
| 19:46 | Build | Farm |
| 19:47 | Build | Farm |
| 19:49 | Build | Farm |
| 19:50 | Build | Farm |
| 19:52 | Build | Farm |
| 19:54 | Build | Farm |
| 19:55 | Build | Farm |
| 19:56 | Build | Farm |
| 20:00 | Research | Wheelbarrow |
| 20:28 | Research | Castle Age |
| 20:56 | Build | House |
| 20:57 | Build | House |
| 20:59 | Build | House |
| 21:00 | Build | House |
| 21:01 | Build | House |
| 21:20 | Create | Trade Cart ×5 |
| 21:20 | Create | Trade Cart ×5 |
| 21:30 | Research | Forging |
| 21:56 | Create | Villager (Male) ×4 |
| 22:26 | Create | Trade Cart |
| 22:55 | Build | House |
| 22:57 | Build | House |
| 22:59 | Build | House |
| 23:00 | Build | House |
| 23:01 | Build | House |
| 23:02 | Build | House |
| 23:03 | Build | House |
| 23:04 | Build | House |
| 23:05 | Build | House |
| 23:55 | Age | Castle Age |
| 23:57 | Research | Bow Saw |
| 24:04 | Build | Town Center |
| 24:16 | Build | Town Center |
| 24:29 | Research | Heavy Plow |
| 24:32 | Research | Gold Shaft Mining |
| 25:03 | Create | Villager (Male) ×5 |
| 25:04 | Create | Villager (Male) ×5 |
| 25:12 | Create | Villager (Male) ×5 |
| 25:24 | Build | Farm |
| 25:25 | Build | Farm |
| 25:27 | Build | Farm |
| 25:28 | Build | Farm |
| 25:34 | Create | Villager (Male) ×5 |
| 25:50 | Research | Caravan |
| 26:02 | Build | Farm |
| 26:06 | Build | Farm |
| 26:08 | Build | Farm |
| 26:09 | Build | Farm |
| 26:12 | Build | Farm |
| 26:13 | Build | Farm |
| 26:16 | Build | Farm |
| 26:20 | Create | Villager (Male) |
| 26:39 | Build | House |
| 26:40 | Build | House |
| 26:41 | Build | House |
| 26:42 | Build | House |
| 26:43 | Build | House |
| 26:44 | Build | House |
| 26:45 | Build | House |
| 26:47 | Build | House |
| 26:48 | Build | House |
| 26:53 | Build | Farm |
| 26:58 | Create | Villager (Male) |
| 26:58 | Create | Villager (Male) |
| 27:05 | Create | Villager (Male) ×5 |
| 27:27 | Build | Town Center |
| 27:47 | Create | Trade Cart ×5 |
| 28:02 | Build | Town Center |
| 28:18 | Build | Farm |
| 28:19 | Build | Farm |
| 28:26 | Build | Mill |
| 28:34 | Create | Villager (Male) |
| 28:34 | Create | Villager (Male) |
| 28:34 | Create | Villager (Male) |
| 28:41 | Build | Farm |
| 28:42 | Build | Farm |
| 28:44 | Build | Farm |
| 28:50 | Create | Villager (Male) |
| 28:51 | Research | Hand Cart |
Build order — Vikingatoms
First 150 of 881 actions detected
| 0:00 | Create | Villager (Male) |
| 0:01 | Create | Villager (Male) |
| 0:01 | Create | Villager (Male) |
| 0:06 | Build | House |
| 0:44 | Create | Villager (Male) |
| 0:44 | Create | Villager (Male) |
| 1:09 | Build | Lumber Camp |
| 1:13 | Build | House |
| 1:34 | Create | Villager (Male) |
| 1:35 | Create | Villager (Male) |
| 1:35 | Create | Villager (Male) |
| 2:20 | Create | Villager (Male) |
| 2:20 | Create | Villager (Male) |
| 2:20 | Create | Villager (Male) |
| 2:38 | Create | Villager (Male) |
| 2:38 | Create | Villager (Male) |
| 2:39 | Create | Villager (Male) |
| 2:55 | Create | Villager (Male) |
| 2:56 | Create | Villager (Male) |
| 3:15 | Build | House |
| 3:22 | Create | Villager (Male) |
| 3:23 | Create | Villager (Male) |
| 3:52 | Create | Villager (Male) |
| 3:53 | Create | Villager (Male) |
| 4:09 | Create | Villager (Male) |
| 4:10 | Create | Villager (Male) |
| 4:51 | Research | Loom |
| 4:58 | Build | Mill |
| 5:03 | Create | Villager (Male) |
| 5:03 | Create | Villager (Male) |
| 5:04 | Create | Villager (Male) |
| 5:39 | Create | Villager (Male) |
| 5:39 | Create | Villager (Male) |
| 5:39 | Create | Villager (Male) |
| 5:40 | Create | Villager (Male) |
| 5:46 | Build | House |
| 5:49 | Create | Villager (Male) |
| 5:49 | Create | Villager (Male) |
| 6:24 | Create | Villager (Male) |
| 6:41 | Create | Villager (Male) |
| 6:57 | Create | Villager (Male) |
| 7:49 | Research | Feudal Age |
| 7:49 | Research | Feudal Age |
| 8:10 | Build | House |
| 8:14 | Create | Villager (Male) |
| 8:31 | Build | Barracks |
| 8:35 | Create | Villager (Male) |
| 8:43 | Build | Mining Camp |
| 9:12 | Build | Mill |
| 9:59 | Age | Feudal Age |
| 10:01 | Research | Double-Bit Axe |
| 10:12 | Create | Villager (Male) |
| 10:13 | Create | Villager (Male) |
| 10:21 | Build | Blacksmith |
| 10:24 | Create | Villager (Male) |
| 10:35 | Create | Villager (Male) |
| 11:10 | Build | Market |
| 11:23 | Create | Villager (Male) |
| 11:23 | Create | Villager (Male) |
| 11:23 | Create | Villager (Male) |
| 11:23 | Create | Villager (Male) |
| 11:24 | Create | Villager (Male) |
| 11:32 | Build | House |
| 11:33 | Build | House |
| 11:35 | Build | House |
| 12:06 | Build | Mill |
| 12:15 | Create | Villager (Male) |
| 12:15 | Create | Villager (Male) |
| 12:15 | Create | Villager (Male) |
| 12:25 | Build | Archery Range |
| 12:37 | Build | Stable |
| 12:40 | Create | Villager (Male) |
| 12:40 | Create | Villager (Male) |
| 14:16 | Build | Barracks |
| 14:23 | Create | Villager (Male) |
| 14:38 | Create | Villager (Male) |
| 14:53 | Research | Horse Collar |
| 14:55 | Create | Villager (Male) |
| 15:16 | Build | Lumber Camp |
| 16:08 | Build | Farm |
| 16:09 | Build | Farm |
| 16:10 | Build | Farm |
| 16:22 | Build | Farm |
| 16:23 | Build | Farm |
| 16:24 | Build | Farm |
| 16:29 | Create | Villager (Male) |
| 16:40 | Build | Farm |
| 16:42 | Build | Farm |
| 16:49 | Create | Villager (Male) |
| 16:57 | Build | Farm |
| 16:58 | Build | Farm |
| 17:08 | Build | Farm |
| 17:09 | Build | Farm |
| 17:21 | Create | Villager (Male) |
| 17:28 | Build | Farm |
| 17:29 | Build | Farm |
| 17:49 | Create | Villager (Male) |
| 18:10 | Build | House |
| 18:11 | Build | House |
| 18:13 | Build | House |
| 18:21 | Build | Farm |
| 18:25 | Create | Villager (Male) |
| 18:33 | Build | Farm |
| 19:03 | Research | Castle Age |
| 19:17 | Research | Man-at-Arms (upgrade) |
| 19:21 | Research | Scale Mail Armor |
| 19:22 | Research | Forging |
| 19:24 | Research | Forging |
| 19:24 | Research | Forging |
| 19:39 | Build | Farm |
| 19:49 | Build | Lumber Camp |
| 19:55 | Build | Farm |
| 19:56 | Build | Farm |
| 20:22 | Build | Mining Camp |
| 20:28 | Research | Wheelbarrow |
| 20:41 | Create | Militia |
| 20:41 | Create | Militia |
| 20:41 | Create | Militia |
| 20:41 | Create | Militia |
| 20:42 | Create | Militia |
| 20:42 | Create | Militia |
| 21:05 | Research | Town Watch |
| 21:08 | Research | Stone Mining |
| 21:14 | Research | Gold Mining |
| 21:14 | Research | Gold Mining |
| 21:28 | Create | Militia |
| 21:28 | Create | Militia |
| 21:28 | Create | Militia |
| 21:43 | Age | Castle Age |
| 21:53 | Build | Town Center |
| 22:00 | Create | Villager (Male) |
| 22:00 | Create | Villager (Male) |
| 22:00 | Create | Villager (Male) |
| 22:06 | Research | Bow Saw |
| 22:36 | Create | Villager (Male) |
| 22:36 | Create | Villager (Male) |
| 22:36 | Create | Villager (Male) |
| 22:37 | Create | Villager (Male) |
| 22:37 | Create | Villager (Male) |
| 22:37 | Create | Villager (Male) |
| 22:37 | Create | Villager (Male) |
| 22:55 | Create | Villager (Male) |
| 22:56 | Create | Villager (Male) |
| 22:56 | Create | Villager (Male) |
| 23:06 | Build | Town Center |
| 23:13 | Create | Villager (Male) |
| 23:13 | Create | Villager (Male) |
| 23:24 | Research | Gold Shaft Mining |
| 23:37 | Build | University |
| 23:51 | Build | Monastery |
Build order — rananculus
First 150 of 491 actions detected
| 0:05 | Create | Villager (Male) |
| 0:05 | Research | Loom |
| 0:05 | Create | Villager (Male) |
| 0:05 | Create | Villager (Male) |
| 0:06 | Create | Villager (Male) |
| 0:06 | Create | Villager (Male) |
| 0:06 | Create | Villager (Male) |
| 0:13 | Build | House |
| 1:31 | Build | Palisade Wall |
| 2:55 | Create | Villager (Male) |
| 2:56 | Create | Villager (Male) |
| 2:56 | Create | Villager (Male) |
| 3:24 | Build | Palisade Wall |
| 3:47 | Create | Villager (Male) |
| 3:47 | Create | Villager (Male) |
| 3:47 | Create | Villager (Male) |
| 4:11 | Build | Palisade Wall |
| 4:20 | Create | Villager (Male) |
| 4:21 | Create | Villager (Male) |
| 4:31 | Build | House |
| 5:26 | Create | Villager (Male) |
| 5:27 | Create | Villager (Male) |
| 5:27 | Create | Villager (Male) |
| 5:28 | Create | Villager (Male) |
| 5:38 | Build | House |
| 5:41 | Build | House |
| 5:50 | Build | Outpost |
| 6:34 | Create | Villager (Male) |
| 6:35 | Create | Villager (Male) |
| 6:35 | Create | Villager (Male) |
| 6:54 | Create | Villager (Male) |
| 6:55 | Create | Villager (Male) |
| 7:13 | Build | Lumber Camp |
| 7:20 | Create | Villager (Male) |
| 7:20 | Create | Villager (Male) |
| 7:21 | Create | Villager (Male) |
| 7:42 | Create | Villager (Male) |
| 7:43 | Create | Villager (Male) |
| 7:43 | Create | Villager (Male) |
| 7:43 | Create | Villager (Male) |
| 7:44 | Create | Villager (Male) |
| 8:03 | Create | Villager (Male) |
| 8:04 | Create | Villager (Male) |
| 8:18 | Build | Palisade Wall |
| 8:30 | Create | Villager (Male) |
| 8:31 | Create | Villager (Male) |
| 8:31 | Create | Villager (Male) |
| 8:31 | Create | Villager (Male) |
| 9:16 | Build | Mill |
| 9:32 | Create | Villager (Male) |
| 9:48 | Build | Palisade Wall |
| 10:06 | Build | House |
| 10:49 | Build | House |
| 10:53 | Build | House |
| 10:56 | Build | House |
| 11:04 | Build | House |
| 11:18 | Build | Outpost |
| 11:32 | Build | Mining Camp |
| 12:01 | Create | Villager (Male) |
| 12:35 | Build | Mining Camp |
| 12:43 | Create | Villager (Male) |
| 13:21 | Build | Farm |
| 13:24 | Research | Feudal Age |
| 13:25 | Research | Feudal Age |
| 13:25 | Research | Feudal Age |
| 13:37 | Build | Farm |
| 13:42 | Build | Farm |
| 15:03 | Build | Farm |
| 15:34 | Age | Feudal Age |
| 15:36 | Create | Villager (Male) |
| 15:36 | Create | Villager (Male) |
| 15:36 | Create | Villager (Male) |
| 15:37 | Create | Villager (Male) |
| 15:37 | Create | Villager (Male) |
| 15:37 | Create | Villager (Male) |
| 16:05 | Build | Mining Camp |
| 16:12 | Build | Farm |
| 16:21 | Build | Farm |
| 16:31 | Build | Barracks |
| 16:37 | Build | Blacksmith |
| 16:45 | Create | Villager (Male) |
| 17:02 | Build | Mill |
| 17:25 | Research | Double-Bit Axe |
| 17:34 | Build | Market |
| 17:48 | Build | Farm |
| 17:49 | Build | Farm |
| 17:50 | Build | Farm |
| 17:51 | Build | Farm |
| 17:53 | Build | Farm |
| 18:09 | Create | Villager (Male) |
| 18:27 | Create | Villager (Male) |
| 18:54 | Build | Farm |
| 18:55 | Build | Farm |
| 18:56 | Build | Farm |
| 19:00 | Create | Villager (Male) |
| 19:19 | Build | Lumber Camp |
| 19:48 | Create | Villager (Male) |
| 20:20 | Create | Villager (Male) |
| 20:46 | Research | Castle Age |
| 20:57 | Build | House |
| 20:58 | Build | House |
| 20:59 | Build | House |
| 21:00 | Build | House |
| 21:01 | Build | House |
| 21:02 | Build | House |
| 21:03 | Build | House |
| 21:05 | Build | House |
| 21:06 | Build | House |
| 21:08 | Build | House |
| 21:09 | Build | House |
| 21:10 | Build | House |
| 21:13 | Build | House |
| 21:28 | Research | Stone Mining |
| 21:31 | Research | Gold Mining |
| 21:47 | Research | Horse Collar |
| 21:47 | Research | Horse Collar |
| 22:13 | Build | Lumber Camp |
| 22:36 | Build | House |
| 22:40 | Build | House |
| 23:26 | Age | Castle Age |
| 23:28 | Create | Villager (Male) |
| 23:29 | Create | Villager (Male) |
| 23:29 | Create | Villager (Male) |
| 23:30 | Create | Villager (Male) |
| 23:30 | Create | Villager (Male) |
| 23:30 | Create | Villager (Male) |
| 23:31 | Create | Villager (Male) |
| 23:31 | Create | Villager (Male) |
| 23:31 | Create | Villager (Male) |
| 23:31 | Create | Villager (Male) |
| 23:43 | Build | Town Center |
| 24:00 | Build | Monastery |
| 24:16 | Build | House |
| 24:39 | Build | Castle |
| 24:58 | Create | Monk |
| 24:58 | Create | Monk |
| 25:05 | Research | Bow Saw |
| 25:05 | Research | Bow Saw |
| 25:26 | Build | House |
| 25:41 | Build | Farm |
| 26:20 | Create | Villager (Male) |
| 26:24 | Build | Farm |
| 26:26 | Build | Farm |
| 26:27 | Build | Farm |
| 26:29 | Build | Farm |
| 26:31 | Build | Farm |
| 26:55 | Create | Villager (Male) |
| 26:56 | Create | Villager (Male) |
| 26:56 | Create | Villager (Male) |
| 27:59 | Research | Stone Shaft Mining |
Build order — ijirving
First 150 of 531 actions detected
| 0:04 | Create | Villager (Male) |
| 0:04 | Create | Villager (Male) |
| 0:06 | Build | House |
| 0:09 | Build | House |
| 0:30 | Research | Loom |
| 0:42 | Build | Palisade Wall |
| 0:54 | Create | Villager (Male) |
| 1:52 | Create | Villager (Male) |
| 2:29 | Create | Villager (Male) |
| 2:52 | Build | Lumber Camp |
| 3:00 | Create | Villager (Male) |
| 3:31 | Create | Villager (Male) |
| 3:56 | Create | Villager (Male) |
| 4:00 | Build | House |
| 4:35 | Create | Villager (Male) |
| 5:09 | Create | Villager (Male) |
| 5:28 | Create | Villager (Male) |
| 6:03 | Create | Villager (Male) |
| 6:10 | Build | House |
| 6:35 | Create | Villager (Male) |
| 7:19 | Create | Villager (Male) |
| 7:23 | Create | Villager (Male) |
| 7:47 | Build | Mill |
| 8:05 | Create | Villager (Male) |
| 8:33 | Create | Villager (Male) |
| 9:02 | Research | Feudal Age |
| 11:12 | Age | Feudal Age |
| 11:22 | Build | Market |
| 11:27 | Build | Blacksmith |
| 11:29 | Create | Villager (Male) |
| 11:52 | Create | Villager (Male) |
| 12:22 | Create | Villager (Male) |
| 12:46 | Research | Castle Age |
| 12:51 | Build | Lumber Camp |
| 13:11 | Build | Stone Wall |
| 14:17 | Build | Mining Camp |
| 15:27 | Age | Castle Age |
| 15:29 | Build | Town Center |
| 15:32 | Create | Villager (Male) |
| 15:37 | Build | House |
| 16:01 | Research | Double-Bit Axe |
| 16:25 | Create | Villager (Male) |
| 16:41 | Create | Villager (Male) |
| 16:49 | Build | Mining Camp |
| 17:00 | Create | Villager (Male) |
| 17:02 | Create | Villager (Male) |
| 17:23 | Create | Villager (Male) |
| 17:24 | Create | Villager (Male) |
| 17:55 | Build | Town Center |
| 17:57 | Create | Villager (Male) |
| 17:59 | Create | Villager (Male) |
| 18:05 | Build | House |
| 18:25 | Create | Villager (Male) |
| 18:26 | Create | Villager (Male) |
| 18:33 | Build | Farm |
| 18:35 | Build | Farm |
| 18:37 | Build | Farm |
| 18:46 | Build | Farm |
| 18:49 | Create | Villager (Male) |
| 18:50 | Create | Villager (Male) |
| 18:56 | Build | Farm |
| 19:01 | Build | Farm |
| 19:11 | Build | House |
| 19:19 | Create | Villager (Male) |
| 19:28 | Build | Farm |
| 19:31 | Build | Farm |
| 19:34 | Create | Villager (Male) |
| 19:43 | Build | House |
| 19:52 | Build | Farm |
| 19:54 | Build | Farm |
| 19:59 | Create | Villager (Male) |
| 20:02 | Build | Farm |
| 20:16 | Create | Villager (Male) |
| 20:20 | Create | Villager (Male) |
| 20:28 | Build | Farm |
| 20:35 | Create | Villager (Male) |
| 20:36 | Create | Villager (Male) |
| 20:43 | Build | Barracks |
| 20:51 | Create | Villager (Male) |
| 20:54 | Build | Farm |
| 21:07 | Build | Monastery |
| 21:12 | Create | Villager (Male) |
| 21:14 | Build | Farm |
| 21:18 | Create | Villager (Male) |
| 21:33 | Create | Villager (Male) |
| 21:46 | Build | Stone Wall |
| 21:49 | Create | Villager (Male) |
| 21:50 | Create | Villager (Male) |
| 21:56 | Build | Farm |
| 21:58 | Create | Monk |
| 22:09 | Build | House |
| 22:20 | Create | Villager (Male) |
| 22:22 | Create | Villager (Male) |
| 22:23 | Create | Villager (Male) |
| 22:35 | Build | Mill |
| 22:37 | Build | Farm |
| 22:37 | Build | Farm |
| 22:37 | Build | Farm |
| 22:38 | Build | Farm |
| 22:38 | Build | Farm |
| 22:38 | Build | Farm |
| 22:47 | Create | Villager (Male) |
| 22:48 | Create | Villager (Male) |
| 23:04 | Create | Villager (Male) |
| 23:21 | Build | House |
| 23:40 | Create | Villager (Male) |
| 23:41 | Create | Villager (Male) |
| 23:42 | Create | Villager (Male) |
| 23:49 | Build | House |
| 24:10 | Build | Farm |
| 24:18 | Research | Caravan |
| 24:24 | Build | House |
| 24:28 | Create | Villager (Male) |
| 24:30 | Research | Wheelbarrow |
| 24:32 | Create | Villager (Male) |
| 24:40 | Build | Farm |
| 24:54 | Build | House |
| 24:56 | Create | Villager (Male) |
| 24:57 | Create | Villager (Male) |
| 24:59 | Create | Villager (Male) |
| 25:13 | Create | Trade Cart |
| 25:23 | Build | Market |
| 25:24 | Build | Market |
| 25:31 | Build | Market |
| 25:35 | Build | House |
| 25:36 | Create | Villager (Male) |
| 25:36 | Create | Villager (Male) |
| 25:36 | Create | Villager (Male) |
| 25:49 | Research | Bow Saw |
| 25:52 | Research | Town Watch |
| 26:08 | Build | Castle |
| 26:19 | Create | Trade Cart |
| 26:26 | Build | House |
| 26:27 | Build | House |
| 26:28 | Build | House |
| 26:31 | Create | Villager (Male) |
| 26:31 | Create | Villager (Male) |
| 26:32 | Create | Villager (Male) |
| 26:42 | Research | Hand Cart |
| 26:44 | Create | Villager (Male) |
| 26:47 | Create | Villager (Male) |
| 26:56 | Create | Trade Cart |
| 27:08 | Create | Villager (Male) |
| 27:09 | Create | Villager (Male) |
| 27:31 | Build | Farm |
| 27:33 | Create | Trade Cart |
| 27:37 | Build | Farm |
| 27:37 | Build | Farm |
| 27:38 | Build | Farm |
| 27:38 | Build | Farm |
Build order — Wololo Your Wife
First 150 of 489 actions detected
| 0:08 | Research | Loom |
| 0:08 | Create | Villager (Male) ×4 |
| 0:20 | Build | House |
| 0:21 | Build | House |
| 2:04 | Create | Villager (Male) |
| 2:43 | Create | Villager (Male) |
| 2:43 | Create | Villager (Male) |
| 3:04 | Create | Villager (Male) |
| 3:28 | Create | Villager (Male) |
| 3:45 | Create | Villager (Male) |
| 4:06 | Build | House |
| 4:06 | Build | House |
| 4:08 | Build | House |
| 4:08 | Build | House |
| 4:19 | Create | Villager (Male) |
| 4:35 | Build | Lumber Camp |
| 5:04 | Create | Villager (Male) |
| 5:21 | Create | Villager (Male) |
| 5:45 | Create | Villager (Male) |
| 5:54 | Create | Villager (Male) |
| 6:37 | Create | Villager (Male) |
| 6:54 | Create | Villager (Male) |
| 7:21 | Create | Villager (Male) |
| 7:59 | Create | Villager (Male) ×5 |
| 8:05 | Research | Double-Bit Axe |
| 8:54 | Build | Mill |
| 9:05 | Create | Villager (Male) |
| 9:34 | Build | Mining Camp |
| 9:41 | Create | Villager (Male) |
| 10:07 | Create | Villager (Male) |
| 10:17 | Research | Feudal Age |
| 11:02 | Research | Horse Collar |
| 11:14 | Build | Mining Camp |
| 11:26 | Build | Farm |
| 11:26 | Build | Farm |
| 11:33 | Build | Farm |
| 11:37 | Build | Farm |
| 11:46 | Build | Lumber Camp |
| 11:51 | Build | Farm |
| 11:54 | Create | Villager (Male) |
| 11:54 | Create | Villager (Male) |
| 11:54 | Create | Villager (Male) |
| 12:42 | Age | Feudal Age |
| 12:43 | Research | Bow Saw |
| 12:43 | Research | Bow Saw |
| 12:43 | Research | Heavy Plow |
| 12:47 | Create | Villager (Male) ×2 |
| 13:10 | Build | Farm |
| 13:34 | Build | Farm |
| 13:46 | Build | Market |
| 13:59 | Build | Farm |
| 14:24 | Build | Farm |
| 14:27 | Create | Villager (Male) |
| 14:37 | Build | House |
| 14:38 | Build | House |
| 14:38 | Build | House |
| 14:49 | Build | Farm |
| 15:13 | Create | Villager (Male) |
| 15:13 | Create | Villager (Male) |
| 15:14 | Create | Villager (Male) |
| 15:16 | Build | Farm |
| 15:42 | Build | Blacksmith |
| 15:43 | Build | Farm |
| 15:50 | Build | House |
| 15:51 | Build | House |
| 15:52 | Build | House |
| 16:10 | Build | Farm |
| 16:29 | Create | Villager (Male) |
| 16:32 | Build | Farm |
| 16:53 | Research | Castle Age |
| 16:56 | Build | Farm |
| 17:27 | Research | Wheelbarrow |
| 17:30 | Research | Gold Mining |
| 17:36 | Research | Stone Mining |
| 17:54 | Research | Town Watch |
| 19:34 | Age | Castle Age |
| 19:35 | Research | Two-Man Saw |
| 19:37 | Research | Crop Rotation |
| 19:45 | Build | Town Center |
| 19:58 | Build | Town Center |
| 20:21 | Create | Villager (Male) |
| 20:21 | Create | Villager (Male) |
| 20:53 | Build | Town Center |
| 21:08 | Create | Villager (Male) |
| 21:08 | Create | Villager (Male) |
| 21:09 | Create | Villager (Male) |
| 21:44 | Build | Town Center |
| 22:00 | Create | Villager (Male) |
| 22:00 | Create | Villager (Male) |
| 22:07 | Build | Mining Camp |
| 22:17 | Create | Villager (Male) |
| 22:34 | Create | Villager (Male) ×5 |
| 22:52 | Create | Villager (Male) ×5 |
| 23:00 | Build | Town Center |
| 23:02 | Create | Villager (Male) ×5 |
| 23:04 | Create | Villager (Male) ×2 |
| 23:34 | Create | Villager (Male) |
| 23:34 | Create | Villager (Male) |
| 23:37 | Build | Farm |
| 23:39 | Create | Villager (Male) ×2 |
| 23:41 | Build | Farm |
| 23:44 | Create | Villager (Male) |
| 23:51 | Build | Mining Camp |
| 23:53 | Create | Villager (Male) |
| 23:54 | Create | Villager (Male) |
| 23:56 | Build | Farm |
| 24:04 | Build | Farm |
| 24:07 | Build | Farm |
| 24:20 | Build | Farm |
| 24:27 | Build | Farm |
| 24:27 | Create | Villager (Male) ×3 |
| 24:31 | Build | Farm |
| 24:32 | Create | Villager (Male) |
| 24:32 | Create | Villager (Male) |
| 24:35 | Create | Villager (Male) |
| 24:45 | Build | Farm |
| 24:51 | Create | Villager (Male) |
| 24:53 | Build | Farm |
| 25:00 | Create | Villager (Male) |
| 25:03 | Build | Farm |
| 25:05 | Build | Farm |
| 25:07 | Create | Villager (Male) ×2 |
| 25:07 | Create | Villager (Male) ×2 |
| 25:10 | Build | Farm |
| 25:10 | Create | Villager (Male) |
| 25:11 | Create | Villager (Male) |
| 25:19 | Build | Farm |
| 25:21 | Build | Farm |
| 25:22 | Create | Villager (Male) |
| 25:22 | Create | Villager (Male) |
| 25:25 | Build | Farm |
| 25:26 | Create | Villager (Male) |
| 25:26 | Create | Villager (Male) |
| 25:32 | Create | Villager (Male) |
| 25:36 | Build | Farm |
| 25:36 | Create | Villager (Male) |
| 25:42 | Build | Farm |
| 25:44 | Create | Villager (Male) |
| 25:46 | Build | Farm |
| 25:48 | Create | Villager (Male) |
| 25:51 | Build | Farm |
| 25:52 | Create | Villager (Male) |
| 25:52 | Create | Villager (Male) |
| 26:00 | Create | Villager (Male) |
| 26:02 | Create | Villager (Male) |
| 26:05 | Build | Farm |
| 26:05 | Create | Villager (Male) |
| 26:05 | Create | Villager (Male) |
| 26:10 | Create | Villager (Male) |
| 26:12 | Build | Farm |
Match timeline
| 0:32 | GruesomeSpark · wall_segment Palisade Wall x16 |
| 0:42 | ijirving · wall_segment Palisade Wall x9 |
| 1:31 | rananculus · wall_segment Palisade Wall x8 |
| 3:07 | 周老哥 Edward · wall_segment Palisade Wall x9 |
| 3:24 | rananculus · wall_segment Palisade Wall x8 |
| 3:36 | GruesomeSpark · wall_segment Palisade Wall x9 |
| 4:11 | rananculus · wall_segment Palisade Wall x1 |
| 8:18 | rananculus · wall_segment Palisade Wall x12 |
| 8:31 | Vikingatoms · first_building Barracks |
| 9:48 | rananculus · wall_segment Palisade Wall x9 |
| 9:59 | Vikingatoms · age_up feudal |
| 11:12 | ijirving · age_up feudal |
| 11:21 | Mirtha Legrand · age_up feudal |
| 11:25 | romain.romain · age_up feudal |
| 12:25 | Vikingatoms · first_building Archery Range |
| 12:37 | Vikingatoms · first_building Stable |
| 12:41 | ijirving · first_market_sell 100 food |
| 12:42 | Wololo Your Wife · age_up feudal |
| 13:11 | ijirving · wall_segment Stone Wall x11 |
| 13:52 | 周老哥 Edward · age_up feudal |
| 14:03 | GruesomeSpark · wall_segment Stone Wall x14 |
| 14:52 | Mirtha Legrand · age_up castle |
| 14:58 | Mirtha Legrand · first_market_buy 100 wood |
| 15:06 | 周老哥 Edward · wall_segment Stone Wall x9 |
| 15:20 | 周老哥 Edward · wall_segment Stone Wall x4 |
| 15:21 | GruesomeSpark · wall_segment Stone Wall x10 |
| 15:27 | ijirving · age_up castle |
| 15:34 | rananculus · age_up feudal |
| 15:49 | GruesomeSpark · first_market_sell 100 wood |
| 16:31 | rananculus · first_building Barracks |
| 16:38 | romain.romain · age_up castle |
| 16:50 | GruesomeSpark · wall_segment Stone Wall x5 |
| 18:26 | 周老哥 Edward · first_building Barracks |
| 19:33 | rananculus · first_market_buy 100 food |
| 19:34 | Wololo Your Wife · age_up castle |
| 20:14 | ijirving · first_market_buy 100 food |
| 20:18 | Mirtha Legrand · first_building Monastery |
| 20:36 | 周老哥 Edward · first_market_sell 100 food |
| 20:43 | ijirving · first_building Barracks |
| 20:48 | romain.romain · first_market_sell 100 wood |
| 21:07 | ijirving · first_building Monastery |
| 21:43 | Vikingatoms · age_up castle |
| 21:46 | ijirving · wall_segment Stone Wall x10 |
| 21:54 | romain.romain · first_building Monastery |
| 23:26 | rananculus · age_up castle |
| 23:51 | Vikingatoms · first_building Monastery |
| 23:55 | 周老哥 Edward · age_up castle |
| 23:57 | Mirtha Legrand · first_market_sell 500 wood |
| 24:00 | rananculus · first_building Monastery |
| 24:26 | GruesomeSpark · first_building Barracks |
| 24:39 | rananculus · first_building Castle |
| 25:06 | Mirtha Legrand · wall_segment Stone Wall x13 |
| 25:09 | GruesomeSpark · first_market_buy 100 food |
| 25:46 | Vikingatoms · first_building Siege Workshop |
| 26:05 | Vikingatoms · first_building Castle |
| 26:08 | ijirving · first_building Castle |
| 26:31 | GruesomeSpark · first_building Castle |
| 26:38 | Mirtha Legrand · first_building Siege Workshop |
| 26:45 | Mirtha Legrand · wall_segment Stone Wall x12 |
| 27:10 | Wololo Your Wife · first_building Castle |
| 27:13 | Mirtha Legrand · first_building Barracks |
| 27:28 | Wololo Your Wife · first_building Monastery |
| 27:32 | romain.romain · first_building Barracks |
| 27:38 | Mirtha Legrand · first_building Stable |
| 28:04 | Mirtha Legrand · age_up imperial |
| 28:39 | romain.romain · first_building Castle |
| 28:50 | romain.romain · first_building Stable |
| 29:42 | romain.romain · first_building Siege Workshop |
| 29:42 | ijirving · first_building Archery Range |
| 29:44 | Wololo Your Wife · first_building Barracks |
| 30:05 | rananculus · first_building Siege Workshop |
| 30:07 | romain.romain · age_up imperial |
| 30:28 | Mirtha Legrand · first_building Castle |
| 30:58 | 周老哥 Edward · first_building Monastery |
| 32:04 | rananculus · age_up imperial |
| 32:31 | ijirving · age_up imperial |
| 32:40 | Wololo Your Wife · first_building Stable |
| 33:31 | 周老哥 Edward · first_building Castle |
| 34:34 | romain.romain · wall_segment Stone Wall x1 |
| 34:36 | romain.romain · wall_segment Stone Wall x1 |
| 34:38 | romain.romain · wall_segment Stone Wall x1 |
| 35:05 | Vikingatoms · age_up imperial |
| 36:17 | Wololo Your Wife · wall_segment Stone Wall x6 |
| 36:30 | Wololo Your Wife · age_up imperial |
| 36:38 | Mirtha Legrand · wall_segment Stone Wall x10 |
| 36:40 | 周老哥 Edward · first_building Siege Workshop |
| 36:46 | Mirtha Legrand · wall_segment Stone Wall x6 |
| 36:49 | Mirtha Legrand · wall_segment Stone Wall x7 |
| 36:50 | 周老哥 Edward · age_up imperial |
| 36:51 | Wololo Your Wife · wall_segment Stone Wall x9 |
| 37:37 | Mirtha Legrand · wall_segment Stone Wall x7 |
| 38:10 | GruesomeSpark · first_building Archery Range |
| 38:22 | Wololo Your Wife · first_building Siege Workshop |
| 38:41 | 周老哥 Edward · first_building Stable |
| 39:26 | ijirving · first_building Siege Workshop |
| 42:01 | GruesomeSpark · first_building Siege Workshop |
| 42:38 | Mirtha Legrand · wall_segment Stone Wall x8 |
| 43:36 | Mirtha Legrand · wall_segment Stone Wall x15 |
| 45:08 | ijirving · wall_segment Stone Wall x1 |
| 47:32 | Wololo Your Wife · wall_segment Stone Wall x2 |
| 47:35 | Wololo Your Wife · wall_segment Stone Wall x8 |
| 49:02 | Mirtha Legrand · wall_segment Stone Wall x12 |
| 49:40 | Mirtha Legrand · wall_segment Stone Wall x10 |
| 50:54 | Mirtha Legrand · wall_segment Stone Wall x9 |
| 50:55 | ijirving · wall_segment Stone Wall x5 |
| 52:06 | rananculus · first_market_sell 100 wood |
| 52:41 | Mirtha Legrand · wall_segment Stone Wall x9 |
| 54:17 | Mirtha Legrand · wall_segment Stone Wall x11 |
| 54:20 | Mirtha Legrand · wall_segment Stone Wall x4 |
| 54:24 | Mirtha Legrand · wall_segment Stone Wall x10 |
| 54:27 | Mirtha Legrand · wall_segment Stone Wall x11 |
| 55:07 | Mirtha Legrand · wall_segment Stone Wall x14 |
| 57:12 | rananculus · resign |
[ AI ANALYSIS · 1 CREDIT ]
What really happened in this match?
Wolo.gg analyzes every decision: build order, eco, micro, common mistakes by bracket. Personalized analysis on WhatsApp or Discord in 30 seconds.
Civ guide
Saracens
Perfil
Jugador #4721985